 Dungeon Crawl Stone Soup version 0.29-a0-330-g52719c12eb (webtiles) character file.

Game seed: 6273952517968348211

186 zishaf the Digger (level 5, -1/34 HPs)
             Began as an Octopode Earth Elementalist on Apr 13, 2022.
             Was a Follower of Dithmenos.
             Killed by divine providence
             ... invoked by an orc priest
              (14 damage)
             ... on level 3 of the Dungeon.
             The game lasted 00:04:53 (2689 turns).

zishaf the Digger (Octopode Earth Elementalist)     Turns: 2689, Time: 00:04:54

Health: -1/34      AC:  3    Str:  7    XL:     5   Next: 66%
Magic:  5/8        EV: 13    Int: 19    God:    Dithmenos [*.....]
Gold:   175        SH:  0    Dex: 13    Spells: 4/8 levels left

rFire   . . .      SeeInvis .   c - +0 dagger
rCold   . . .      Faith    .   (no shield)
rNeg    . . .      Spirit   .   o - +2 hat
rPois   .          Reflect  .   (no amulet)
rElec   .          Harm     .   f - ring of flight
rCorr   .          Rampage  .   (no ring)
Will    .....                   (no ring)
Stlth   ++++......              (no ring)
HPRegen 0.11/turn               (no ring)
MPRegen 0.11/turn               (no ring)
                                (no ring)
                                (no ring)

@: flying, wreathed by umbra
A: almost no armour, amphibious, 8 rings, camouflage 1, gelatinous body 1,
(nimble swimmer 1), tentacles
a: Renounce Religion


You were on level 3 of the Dungeon.
You worshipped Dithmenos.
Dithmenos was aware of your devotion.
You visited 1 branch of the dungeon, and saw 3 of its levels.

You collected 175 gold pieces.

Inventory:

Hand Weapons
 c - a +0 dagger (weapon)
Missiles
 a - 27 stones
Armour
 l - an orb of energy
 o - a +2 hat (worn)
Jewellery
 f - a ring of flight (left tentacle)
 m - a ring of ice
Scrolls
 d - 3 scrolls of fog {unknown}
 e - 2 scrolls of vulnerability {unknown}
 h - 2 scrolls of immolation {unknown}
 i - 2 scrolls of blinking {unknown}
 k - 2 scrolls of teleportation {unknown}
 p - a scroll of identify {unknown}
Potions
 b - a potion of magic
 g - 3 potions of curing {unknown}
 j - a potion of heal wounds {unknown}
 n - a potion of might {unknown}
 q - a potion of resistance {unknown}


   Skills:
 + Level 2.2 Fighting
 - Level 2.0 Dodging
 - Level 4.0 Stealth
 - Level 2.0 Spellcasting
 + Level 1.8 Conjurations
 - Level 1.0 Transmutations
 * Level 4.7 Earth Magic


You had 4 spell levels left.
You knew the following spells:

 Your Spells              Type           Power      Damage    Failure   Level
a - Sandblast             Erth           38%        2d10      2%          1
b - Stone Arrow           Conj/Erth      28%        3d8       13%         3

Your spell library contained the following spells:

 Spells                   Type           Power      Damage    Failure   Level
 Passwall                 Tmut/Erth      10%        N/A       8%          2
 Apportation              Tloc           2%         N/A       17%         1
 Mephitic Cloud           Conj/Pois/Air  4%         N/A       36%         3
 Ignite Poison            Fire/Tmut/Pois 3%         N/A       41%         3
 Petrify                  Tmut/Erth      12%        N/A       45%         4
 Alistair's Intoxication  Tmut/Pois      2%         N/A       98%         5
 Freezing Cloud           Conj/Ice/Air   2%         6-21      98%         5


Dungeon Overview and Level Annotations

Branches:
Dungeon (3/15)

Altars:
Dithmenos
Trog

Shops:
D:2 *


Innate Abilities, Weirdness & Mutations

You cannot wear most types of armour.
You are amphibious.
You can wear up to eight rings at the same time.
Your skin changes colour to match your surroundings (Stealth+).
Your rubbery body absorbs attacks. (AC +1, EV +1)
((You are camouflaged when in or above water. (Stealth+)))
You have tentacles for arms and can constrict up to eight enemies at once.


Message History

You hit the orc. You grab the orc. You squeeze the orc, but do no damage.
The orc is lightly wounded.
You constrict the orc, but do no damage. x3
The orc misses you. The orc barely misses you. The orc hits you with a +0 club.
Okay, then.
You barely miss the orc. You squeeze the orc, but do no damage.
The orc is lightly wounded.
You constrict the orc. x2
You constrict the orc, but do no damage.
The orc hits you but does no damage. The orc barely misses you.
The orc hits you but does no damage.
You hit the orc. You squeeze the orc.
You kill the orc!
Dithmenos accepts your kill.
You constrict the orc, but do no damage. x2
The orc misses you. The orc closely misses you.
Your magical contamination has completely faded away.
You hit the orc but do no damage. You squeeze the orc, but do no damage.
The orc is heavily wounded.
You constrict the orc, but do no damage.
You constrict the orc. The orc hits you but does no damage.
The orc closely misses you.
You barely miss the orc priest. Your grab misses the orc priest.
Your squeeze misses the orc priest.
You constrict the orc, but do no damage.
You constrict the orc. The orc barely misses you.
The orc priest barely misses you. The orc barely misses you.
You hit the orc priest. Your grab misses the orc priest.
The orc priest is lightly wounded.
You constrict the orc, but do no damage. x2
The orc misses you.
The orc priest hits you with a +0 hand axe.
The orc closely misses you.
You hit the orc priest. You grab the orc priest.
The orc priest is moderately wounded.
You constrict the orc priest, but do no damage.
You constrict the orc. x2; The orc closely misses you.
The orc priest mumbles some strange prayers to Beogh against you.
Beogh smites you!
You die...

# #.# #.#####..#.##...#
#####.###.##.............
....).....##.#...#...?##.
..........##.....#.......
.....##.........#......#
⌠........#......#..#.....
≈≈...#...#.....#...# ..#
≈≈.......#.....#$#...# .
≈≈.......#....#.@#.....#
≈≈..##.######.#ooo.......
....##.# ###...##.####
...###.# #.### .. ### #.#
#. .## #.# .? #.. .# ##


You could see an orc priest and 2 orcs.

Vanquished Creatures
  A hound (D:2)
  An orc wizard (D:2)
  4 gnolls (D:2)
  4 adders (D:2)
  3 dart slugs (D:1)
  4 orcs
  3 endoplasms
  A giant cockroach (D:2)
  4 goblins
  6 hobgoblins
  3 jackals (D:1)
  2 quokkas
  3 ball pythons (D:1)
  5 bats
  2 frilled lizards
  4 kobolds
  A rat (D:1)
51 creatures vanquished.

Notes
Turn   | Place    | Note
-------+----------+-------------------------------------------
     0 | D:1      | zishaf the Octopode Earth Elementalist began the quest for
                  | the Orb.
     0 | D:1      | Reached XP level 1. HP: 11/11 MP: 3/3
   300 | D:1      | Reached XP level 2. HP: 18/18 MP: 0/5
   704 | D:1      | Found a faded altar of an unknown god.
   768 | D:1      | Prayed at the altar of an unknown god.
   768 | D:1      | Became a worshipper of Dithmenos the Shadowed
   768 | D:1      | Reached * piety under Dithmenos
   785 | D:1      | Reached skill level 1 in Fighting
   791 | D:1      | Reached XP level 3. HP: 21/23 MP: 1/6
   846 | D:1      | Learned a level 3 spell: Stone Arrow
  1525 | D:2      | Reached XP level 4. HP: 5/28 MP: 4/7
  1777 | D:2      | Found Kyhiwu's Assorted Antiques.
  1803 | D:2      | Found a bloodstained altar of Trog.
  1818 | D:2      | Reached skill level 1 in Conjurations
  1996 | D:2      | Reached XP level 5. HP: 34/34 MP: 6/8
  2689 | D:3      | Killed from afar by an orc priest

Illustrated notes

Levels and vault maps discovered:
D:1:      lemuel_arrival_behind_the_door_large, layout_basic,
          basic_ecumenical_altar, wad_floor_pattern_2
D:2:      layout_rooms, serial_shops, nicolae_shop_hallway_stairs, basic_altar
D:3:      layout_loops_cross, serial_park_tiny_pond, grunt_decor_mini_mirrors,
          hangedman_decor_peaks_small, serial_park_tiny_pond,
          chequers_serial_rivers_small_a, minmay_misc_feat_roman

Skill      XL: |  1  2  3  4  5 |
---------------+----------------+-----
Stealth        | 3 4 |  4.0
Fighting       | 1 2 |  2.2
Earth Magic    | 4 |  4.7
Conjurations   | 1 |  1.8
Dodging        | |  2.0
Spellcasting   | |  2.0
Transmutations | |  1.0

Action                   |  1- 3 |  4- 6 || total
-------------------------+-------+-------++-------
Melee: Unarmed           |     4 |       ||     4
       Constrict         |     8 |     9 ||    17
       Dagger            |    29 |    29 ||    58
       Tentacles         |     5 |    10 ||    15
 Cast: Sandblast         |    27 |    31 ||    58
 Stab: Sleeping          |     3 |     1 ||     4
Armor: Skin              |     1 |     6 ||     7
Dodge: Dodged            |    24 |    38 ||    62

Table legend: (Time is in decaauts)
 A = Elapsed time spent in this place.
 B = Non-inter-level travel time spent in this place.
 C = Inter-level travel time spent in this place.
 D = Time resting spent in this place.
 E = Time spent auto-exploring this place.
 F = Levels seen in this place.
 G = Mean time per level.
                   A        B        C        D        E       F      G
               +--------+--------+--------+--------+--------+-----+--------+
         Total |   2687 |   2646 |     41 |    190 |   2022 |   3 |  895.7 |
       Dungeon |   2687 |   2646 |     41 |    190 |   2022 |   3 |  895.7 |
               +--------+--------+--------+--------+--------+-----+--------+

Top non-repeatable levels by time:
     D:1: 1468 daAuts
     D:2: 1102 daAuts
     D:3: 116 daAuts
